 Dungeon Crawl Stone Soup version 0.22.1-6-g1668fe2c40 (webtiles) character file.

147 Gunterle the Chopper (level 5, -2/41 HPs)
             Began as a Ghoul Warper on Jan 27, 2019.
             Slain by an orc
             ... wielding a +0 trident
              (9 damage)
             ... on level 3 of the Dungeon.
             The game lasted 00:14:17 (2871 turns).

Gunterle the Chopper (Ghoul Warper)                 Turns: 2871, Time: 00:14:17

Health: -2/41      AC:  3    Str: 15    XL:     5   Next: 29%
Magic:  6/6        EV:  8    Int:  9    God:
Gold:   58         SH:  8    Dex:  8    Spells: 3/7 levels left

rFire    . . .     SeeInvis .   a - +0 hand axe
rCold    + . .     Gourm    .   o - +2 shield
rNeg     + + +     Faith    .   b - +0 leather armour
rPois    ∞         Spirit   .   (no helmet)
rElec    .         Reflect  .   (no cloak)
rCorr    .         Harm     .   (no gloves)
MR       .....                  (no boots)
Stlth    +.........             (no amulet)
HPRegen  0.00/turn              (no ring)
MPRegen  0.10/turn              (no ring)

@: rotting
A: rotting body, claws 1, carnivore, cold resistance 1, negative energy
resistance 3, inhibited regeneration, torment resistance, unbreathing
a: no special abilities


You were on level 3 of the Dungeon.
You were not hungry.

You visited 1 branch of the dungeon, and saw 3 of its levels.

You collected 58 gold pieces.

Inventory:

Hand Weapons
 a - a +0 hand axe (weapon)
 i - a +0 trident
 p - a +0 hunting sling
Missiles
 e - 4 tomahawks of dispersal
 l - 18 stones
 n - 13 bolts
 q - 10 tomahawks (quivered)
 t - 42 sling bullets
Armour
 b - a +0 leather armour (worn)
 o - a +2 shield (worn)
Magical Staves
 s - an uncursed staff of death {unknown}
Scrolls
 c - a scroll of remove curse
 d - a scroll of blinking
 h - 2 scrolls of teleportation
 j - a scroll of identify
 m - a scroll of amnesia {unknown}
Potions
 g - a potion of haste
 k - a potion of flight {unknown}
 r - a potion of berserk rage {unknown}
Comestibles
 f - 5 rations


   Skills:
 - Level 2.1 Fighting
 * Level 4.2 Axes
 - Level 0.8 Throwing
 - Level 1.1 Armour
 - Level 1.7 Dodging
 - Level 1.7 Spellcasting
 - Level 3.4 Translocations


You had 3 spell levels left.
You knew the following spells:

 Your Spells              Type           Power        Failure   Level  Hunger
a - Blink                 Tloc           N/A          71%         2    ###....
b - Shroud of Golubria    Chrm/Tloc      #.........   91%         2    ###....

Your spell library contained the following spells:

 Spells                   Type           Power        Failure   Level  Hunger
 Gell's Gravitas          Tloc           #.........   91%         3    ####...
 Lesser Beckoning         Tloc           #.........   91%         3    ####...
 Teleport Other           Tloc           #.......     91%         3    ####...
 Passage of Golubria      Tloc           N/A          100%        4    #####..


Dungeon Overview and Level Annotations

Branches:
Dungeon (3/15)

Altars:
Ru
The Shining One


Innate Abilities, Weirdness & Mutations

Your body is rotting away.
You thrive on raw meat.
You are immune to poison.
You have sharp fingernails.
You are carnivorous and can eat meat at any time.
Your flesh is cold resistant. (rC+)
You are immune to negative energy. (rN+++)
You do not regenerate when monsters are visible.
You are immune to unholy pain and torment.
You can survive without breathing.


Message History

Your shield prevents you from hitting the orc.
The orc is severely wounded.
The orc hits you with a trident.
You closely miss the orc.
The orc is severely wounded.
The orc closely misses you.
You barely miss the orc.
The orc is severely wounded.
The orc completely misses you.
You hit the orc.
The orc is almost dead.
The orc closely misses you.
You closely miss the orc.
The orc is almost dead.
The orc hits you with a trident!
* * * LOW HITPOINT WARNING * * *
You closely miss the orc.
The orc is almost dead.
You block the orc's attack. The orc hits you with a trident!
You die...

#..#..# #......#
#..#..##
##.......
#.....^########
###...##
#.##)...o.....###
...#
#.##.###.##.....#
#####)##)#
#.##.....###<.
......##o#
#.##.........#
######...#
#.##.)...#####
#.### #.##.@o..#
#.# #.########
#.# #.# #.# #.#
#.# #.# #.# #.#
#.#####


You could see an orc.

Vanquished Creatures
  An orc priest (D:3)
  A gnoll (D:1)
  3 adders
  2 worms (D:2)
  2 dart slugs
  3 leopard geckos
  3 orcs (D:3)
  6 bats
  5 giant cockroaches
  6 goblins
  10 hobgoblins
  3 jackals
  7 kobolds
  A quokka (D:2)
  A ball python (D:3)
  4 frilled lizards
  7 rats
65 creatures vanquished.

Notes
Turn   | Place    | Note
-------+----------+-------------------------------------------
     0 | D:1      | Gunterle the Ghoul Warper began the quest for the Orb.
     0 | D:1      | Reached XP level 1. HP: 17/17 MP: 2/2
   223 | D:1      | Reached skill level 2 in Axes
   298 | D:1      | Reached XP level 2. HP: 20/24 MP: 3/3
   414 | D:1      | Learned a level 2 spell: Blink
   417 | D:1      | Learned a level 2 spell: Shroud of Golubria
   944 | D:2      | Reached XP level 3. HP: 28/28 MP: 4/4
  1007 | D:2      | Found a glowing golden altar of the Shining One.
  1037 | D:2      | Reached skill level 3 in Axes
  1061 | D:2      | Found a sacrificial altar of Ru.
  1256 | D:2      | Reached XP level 4. HP: 17/36 MP: 5/5
  1359 | D:2      | Reached skill level 1 in Armour
  2506 | D:3      | Reached XP level 5. HP: 35/41 MP: 6/6
  2551 | D:3      | HP: 1/41 [orc priest/divine providence (15)]
  2558 | D:3      | Reached skill level 4 in Axes
  2871 | D:3      | Slain by an orc

Skill      XL: |  1  2  3  4  5 |
---------------+----------------+-----
Axes           | 2 3 4 |  4.2
Translocations | 3 |  3.4
Armour         | 1 |  1.1
Fighting       | |  2.1
Throwing       | |  0.8
Dodging        | |  1.7
Spellcasting   | |  1.7

Action                   |  1- 3 |  4- 6 || total
-------------------------+-------+-------++-------
Melee: Hand axe          |   122 |   185 ||   307
Throw: Tomahawk          |     5 |    10 ||    15
       Stone             |     4 |       ||     4
  Use: Scroll            |     2 |     1 ||     3
  Eat: Chunk             |    11 |    27 ||    38
Armor: Leather armour    |    47 |    53 ||   100
Dodge: Dodged            |    85 |    99 ||   184
Block: Shield            |       |    48 ||    48
